 Dungeon Crawl Stone Soup version 0.22-a0-247-gbddf880 (webtiles) character file.

660 Firecrotchwizard the Sneak (level 7, -8/37 HPs)
             Began as a Vine Stalker Assassin on Feb 25, 2018.
             Was a Follower of Uskayaw.
             Mangled by an orc warrior
             ... wielding a +0 short sword
              (15 damage)
             ... on level 6 of the Dungeon.
             The game lasted 00:16:51 (4676 turns).

Firecrotchwizard the Sneak (Vine Stalker Assassin)  Turns: 4676, Time: 00:16:51

Health: -8/37      AC:  8    Str: 13    XL:     7   Next: 56%
Magic:  0/17       EV: 10    Int: 11    God:    Uskayaw [*.....]
Gold:   293        SH:  0    Dex: 18    Spells: 6/6 levels left

rFire    + . .     SeeInvis .   a - +3 dagger
rCold    . . .     Gourm    .   (no shield)
rNeg     . . .     Faith    .   p - +0 ring mail
rPois    .         Spirit   +   (no helmet)
rElec    .         Reflect  .   d - +1 cloak
rCorr    .         Harm     .   (no gloves)
MR       .....                  r - +0 pair of boots
Stlth    +++.......             (no amulet)
HPRegen  0.52/turn              v - ring of magical power {MP+9}
MPRegen  0.15/turn              q - ring of protection from fire {rF+, !d}

@: no status effects
A: fangs 2, regeneration 1, magic shield, antimagic bite, no potion heal 3, rot
immunity
a: Stomp, Renounce Religion


You were on level 6 of the Dungeon.
You worshipped Uskayaw.
Uskayaw was noncommittal.
You were not hungry.

You visited 2 branches of the dungeon, and saw 7 of its levels.

You collected 293 gold pieces.

Inventory:

Hand Weapons
 a - a +3 dagger (weapon)
 b - a +0 blowgun
 l - a cursed +0 long sword
   (You found it on level 5 of the Dungeon)
Missiles
 e - 22 poisoned needles
 f - 2 curare-tipped needles
Armour
 d - a +1 cloak (worn)
 n - a cursed +0 buckler
   (You found it on level 5 of the Dungeon)
 p - a +0 ring mail (worn)
   (You found it on level 1 of the Dungeon)
 r - a +0 pair of boots (worn)
   (You found it on level 5 of the Dungeon)
Jewellery
 j - an uncursed ring of see invisible {sInv, !d}
   (You found it on level 1 of the Dungeon)
 q - a ring of protection from fire (right hand) {rF+, !d}
   (You found it on level 4 of the Dungeon)
 v - a ring of magical power (left hand) {MP+9}
   (You found it on level 2 of the Dungeon)
Scrolls
 h - a scroll of remove curse
 w - 3 scrolls of magic mapping {!r}
 z - 2 scrolls of teleportation
Potions
 c - 2 potions of lignification {!q}
 i - a potion of magic {unknown}
 k - a potion of heal wounds {unknown}
 m - 2 potions of degeneration {unknown}
 o - a potion of might {unknown}
 s - a potion of cancellation {unknown}
 t - a potion of agility {unknown}
 x - 2 potions of curing
Comestibles
 g - 10 rations {@e1}


   Skills:
 + Level 3.9 Fighting
 * Level 5.4 Short Blades
 - Level 1.7 Throwing
 - Level 0.7 Dodging
 + Level 7.1 Stealth


You had 6 spell levels left.
You didn't know any spells.

Dungeon Overview and Level Annotations

Branches:
Dungeon (6/15)             Temple (1/1) D:4

Altars:
Ashenzari
Cheibriados
Dithmenos
Fedhas
Gozag
Hepliaklqana
Makhleb
Nemelex Xobeh
Okawaru
Qazlal
Ru
Uskayaw
Wu Jian
Xom
Yredelemnul
Zin

Annotations:
D:2 exclusion: Terence, Terence
D:4 brevous's ghost, amateur DECj
D:6 exclusion: Edmund, Edmund


Innate Abilities, Weirdness & Mutations

You have extremely sharp teeth.
Your natural rate of healing is unusually fast.
When hurt, damage is shared between your health and your magic reserves.
Your bite disrupts and absorbs the magic of your enemies.
Potions cannot restore your health.
You are immune to rotting.


Message History

Edmund the Younger comes into view.
He is wielding a flail of protection.
Partly explored, can't reach some places.
Partly explored, can't reach some places.
There is a stone staircase leading up here.
You climb upwards.
There is a stone staircase leading down here.
There is an open door here.
There is an open door here.
There is a stone staircase leading down here.
You see here a buckler.
n - a buckler
There is an open door here.
You see here a plate armour.
There is a stone staircase leading down here.
You climb downwards.
Level annotation: exclusion: Edmund, Edmund An iguana comes into view.
There is a stone staircase leading up here.
The iguana hisses angrily.
The iguana bites you but does no damage.
You hit the iguana but do no damage. The iguana barely misses you.
You hit the iguana but do no damage. You bite the iguana. You drain its power.
You hit the iguana but do no damage. Your bite misses the iguana.
The iguana bites you!
You take 5 damage, and have 32/37 hp.
You now have 15/17 mp.
You hit the iguana. You bite the iguana. You drain its power.
You feel invigorated. The iguana bites you!
You take 3 damage, and have 29/37 hp.
You now have 13/17 mp.
You hit the iguana. You bite the iguana, but do no damage.
The iguana bites you but does no damage.
You can now pass through a line of other dancers.
You hit the iguana but do no damage. You bite the iguana. You drain its power.
You feel invigorated.
MP restored: 17 You hit the iguana.
The iguana bites you!
You take 7 damage, and have 22/37 hp.
You now have 13/17 mp.
You are too injured to fight recklessly!
You are too injured to fight recklessly!
You are too injured to fight recklessly!
You hit the iguana.
The iguana bites you but does no damage.
You hit the iguana.
You kill the iguana!
You start resting.
You can no longer pass through a line of other dancers.
Health restored: 37; MP restored: 17 You start waiting.
Done waiting.
An orc priest comes into view. It is wielding a hand axe.
An orc warrior and an orc wizard come into view.
The orc warrior shouts!
The orc priest shouts!
An orc comes into view. It is wielding a club.
The orc priest mumbles some strange prayers to Beogh against you.
You resist with significant effort.
The orc shouts!
You hit the orc priest but do no damage.
You hit the orc priest but do no damage.
You bite the orc priest, but do no damage.
The orc priest miscasts a cantrip.
You hit the orc priest but do no damage.
You bite the orc priest, but do no damage.
The orc priest begins to cast a cantrip, but forgets the words!
The orc warrior hits you but does no damage.
You hit the orc priest.
You bite the orc priest, but do no damage.
The orc priest closely misses you.
You closely miss the orc priest.
The orc warrior hits you with a short sword!
The orc wizard hits you with a dagger.
You take 6 damage, and have 31/37 hp.
You now have 13/17 mp.
You hit the orc priest but do no damage.
The orc priest barely misses you.
The orc warrior hits you with a short sword!
The orc hits you but does no damage. The orc wizard casts a spell at you.
The magic dart hits you!
You take 7 damage, and have 24/37 hp.
You now have 9/17 mp.
You hit the orc priest but do no damage.
You bite the orc priest, but do no damage.
Unknown command.
You hit the orc priest but do no damage.
The orc priest hits you but does no damage.
The orc warrior hits you with a short sword!
The orc wizard hits you but does no damage.
The orc hits you but does no damage.
You take 10 damage, and have 14/37 hp.
MASSIVE DAMAGE!!
You now have 6/17 mp.
You hit the orc priest but do no damage.
You bite the orc priest. You drain its power.
You feel invigorated.
The orc warrior hits you with a short sword!
* * * LOW HITPOINT WARNING * * *
The orc wizard barely misses you.
The orc priest hits you but does no damage.
The orc closely misses you.
You take 7 damage, and have 7/37 hp.
You now have 5/17 mp.
You hit the orc priest but do no damage.
You bite the orc priest, but do no damage.
The orc warrior hits you with a short sword!!
You die...

### +.....# ....
#####......+
.....#######..........#
......oo..............#
......o@..............#
......o...............#.
........%...............
......................#
##+###+######+#.<....##
#......# #......#
#......# #......#


You could see an orc warrior, an orc priest, an orc wizard and an orc.

Vanquished Creatures
  A hippogriff (D:4)
  A centaur (D:5)
  An ogre (D:4)
  Blork the orc (D:4)
  2 hounds
  An iguana (D:6)
  2 worker ants
  A hound skeleton (D:5)
  4 adders
  2 worms
  2 dart slugs (D:1)
  2 orcs (D:3)
  5 bats
  3 giant cockroaches
  7 goblins
  8 hobgoblins
  5 jackals
  6 kobolds
  2 quokkas
  3 ball pythons
  4 frilled lizards
  9 rats
72 creatures vanquished.

Notes
Turn   | Place    | Note
-------+----------+-------------------------------------------
     0 | D:1      | Firecrotchwizard the Vine Stalker Assassin began the quest for the Orb.
     0 | D:1      | Reached XP level 1. HP: 11/11 MP: 2/2
    98 | D:1      | Reached skill level 2 in Short Blades
   316 | D:1      | Reached XP level 2. HP: 12/15 MP: 3/3
   321 | D:1      | Reached skill level 2 in Fighting
   321 | D:1      | Reached skill level 5 in Stealth
   829 | D:1      | Reached XP level 3. HP: 18/18 MP: 4/4
  1538 | D:2      | Found a faded altar of an unknown god.
  1552 | D:2      | Found a sparkling altar of Nemelex Xobeh.
  1861 | D:2      | Found a shimmering altar of Xom.
  1867 | D:2      | Gained mutation: Your natural rate of healing is unusually fast. [Vine Stalker growth]
  1867 | D:2      | Reached XP level 4. HP: 22/23 MP: 5/5
  1886 | D:2      | Noticed Terence
  1947 | D:2      | Reached skill level 3 in Short Blades
  2148 | D:3      | Found a stormy altar of Qazlal.
  2605 | D:3      | Found a blossoming altar of Fedhas.
  2722 | D:4      | Reached XP level 5. HP: 24/27 MP: 6/6
  2751 | D:4      | Noticed Blork the orc
  2768 | D:4      | Noticed an ogre
  2789 | D:4      | Killed an ogre
  2789 | D:4      | Reached skill level 3 in Fighting
  2789 | D:4      | Reached skill level 4 in Short Blades
  2789 | D:4      | Reached skill level 6 in Stealth
  2821 | D:4      | Found a staircase to the Ecumenical Temple.
  2830 | Temple   | Entered the Ecumenical Temple
  2981 | Temple   | Became a worshipper of Uskayaw the Reveler
  3132 | D:4      | Noticed a hippogriff
  3141 | D:4      | Reached * piety under Uskayaw
  3146 | D:4      | HP: 7/28 [hippogriff (2)]
  3147 | D:4      | Reached ** piety under Uskayaw
  3149 | D:4      | Killed a hippogriff
  3149 | D:4      | Reached XP level 6. HP: 9/32 MP: 2/7
  3418 | D:4      | Found a basalt altar of Yredelemnul.
  3436 | D:4      | Killed Blork the orc
  3436 | D:4      | Reached skill level 5 in Short Blades
  3436 | D:4      | Reached XP level 7. HP: 36/36 MP: 8/8
  3508 | D:4      | Noticed brevous's ghost (amateur DECj)
  3561 | D:5      | Entered Level 5 of the Dungeon
  4228 | D:5      | Reached skill level 7 in Stealth
  4457 | D:6      | Noticed Edmund
  4675 | D:6      | HP: 7/37 [orc warrior/short sword (7)]
  4676 | D:6      | Mangled by an orc warrior

Vault maps used:
D:1:      eino_arrival_cavern_b
D:2:      cheibrodos_old_hovel, lemuel_crystal_altar,
          chequers_ecumenical_altar_simple, serial_forest,
          infiniplex_forest_clump_diagonal, infiniplex_forest_clump_diagonal,
          infiniplex_forest_straight_4, infiniplex_forest_clump_tiny,
          infiniplex_forest_clump_curved, infiniplex_forest_zigzag_2,
          infiniplex_forest_clump_large, infiniplex_forest_lined_4_way,
          nemelex_spade_bored_becter, uniq_terence
D:3:      marbit_many_paths, nicolae_qazlal_general_emergency
D:4:      lemuel_crystal_altar, gammafunk_temple_overflow_statue,
          minmay_temple_entry_mist, uniq_blork_the_orc
D:5:      first_ration, minmay_misc_feat_plants
D:6:      kennysheep_mini_moat, gammafunk_temple_overflow_wave, basic_altar,
          uniq_edmund, uniq_pikel
Temple:   minmay_temple_curvy_loop

Skill      XL: |  1  2  3  4  5  6  7 |
---------------+----------------------+-----
Short Blades   | 2 3 4 5 |  5.4
Fighting       | 2 3 |  3.9
Stealth        | 5 6 7 |  7.1
Throwing       | |  1.7
Dodging        | |  0.7

Action                   |  1- 3 |  4- 6 |  7- 9 || total
-------------------------+-------+-------+-------++-------
Melee: Dagger            |    98 |    77 |    47 ||   222
       Bite              |    20 |    24 |    23 ||    67
 Fire: Blowgun           |       |     8 |       ||     8
Invok: Stomp             |       |     1 |       ||     1
  Use: Scroll            |     1 |     4 |     9 ||    14
 Stab: Sleeping          |    10 |    10 |       ||    20
  Eat: Chunk             |     2 |     2 |     1 ||     5
       Ration            |     1 |       |     1 ||     2
Armor: Robe              |    15 |       |       ||    15
       Ring mail         |    13 |    12 |    17 ||    42
Dodge: Dodged            |    41 |    34 |    19 ||    94

Table legend:
 A = Spawn XP
 B = Non-spawn XP
 C = Spawn XP percentage of total XP
 D = Spawn monster count
 E = Non-spawn monster count
 F = Spawn count percentage of total count
 G = Total turns spent on level
                    A         B        C        D         E        F      G
               +---------+---------+-------+---------+---------+-------+---------
         Total |       0 |     944 |   0.0 |       0 |      72 |   0.0 |  4676
               +---------+---------+-------+---------+---------+-------+---------
           D:1 |       0 |      41 |   0.0 |       0 |      23 |   0.0 |  1221
           D:2 |       0 |      54 |   0.0 |       0 |      18 |   0.0 |   779
           D:3 |       0 |      62 |   0.0 |       0 |      20 |   0.0 |   637
           D:4 |       0 |     535 |   0.0 |       0 |       5 |   0.0 |   695
           D:5 |       0 |     215 |   0.0 |       0 |       5 |   0.0 |   929
           D:6 |       0 |      37 |   0.0 |       0 |       1 |   0.0 |   186
               +---------+---------+-------+---------+---------+-------+---------

Vault maps used:
D:1:      eino_arrival_cavern_b
D:2:      cheibrodos_old_hovel, lemuel_crystal_altar,
          chequers_ecumenical_altar_simple, serial_forest,
          infiniplex_forest_clump_diagonal, infiniplex_forest_clump_diagonal,
          infiniplex_forest_straight_4, infiniplex_forest_clump_tiny,
          infiniplex_forest_clump_curved, infiniplex_forest_zigzag_2,
          infiniplex_forest_clump_large, infiniplex_forest_lined_4_way,
          nemelex_spade_bored_becter, uniq_terence
D:3:      marbit_many_paths, nicolae_qazlal_general_emergency
D:4:      lemuel_crystal_altar, gammafunk_temple_overflow_statue,
          minmay_temple_entry_mist, uniq_blork_the_orc
D:5:      first_ration, minmay_misc_feat_plants
D:6:      kennysheep_mini_moat, gammafunk_temple_overflow_wave, basic_altar,
          uniq_edmund, uniq_pikel
Temple:   minmay_temple_curvy_loop

Table legend:
 A = Turns spent in this place as a percentage of turns spent in the entire game.
 B = Non-inter-level travel turns spent in this place as a percentage of non-inter-level travel turns spent in the entire game.
 C = Inter-level travel turns spent in this place as a percentage of turns spent in this place.
 D = Turns resting spent in this place as a percentage of non-inter-level travel turns spent in this place.
 E = Turns spent auto-exploring this place as a percentage of non-inter-level travel turns spent in this place.
 F = Non-inter-level travel turns spent in this place divided by the number of levels of this place that you've seen.
                   A       B       C       D       E      F
               +-------+-------+-------+-------+-------+----------------------
         Total | 100.0 | 100.0 |   4.8 |  16.8 |  63.5 | 636.0
       Dungeon |  95.1 |  95.4 |   4.5 |  17.6 |  62.1 | 707.8
        Temple |   4.9 |   4.6 |  10.5 |   0.0 |  94.1 | 205.0
               +-------+-------+-------+-------+-------+----------------------

Table legend:
 A = Kills in this place as a percentage of kills in entire the game.
 B = Kills by you in this place as a percentage of kills by you in the entire game.
 C = Kills by friends in this place as a percentage of kills by friends in the entire game.
 D = Other kills in this place as a percentage of other kills in the entire game.
 E = Experience gained in this place as a percentage of experience gained in the entire game.
 F = Experience gained in this place divided by the number of levels of this place that you have seen.
                   A       B       C       D       E      F
               +-------+-------+-------+-------+-------+----------------------
         Total | 100.0 | 100.0 |   N/A |   N/A | 100.0 | 134.9
       Dungeon | 100.0 | 100.0 |   N/A |   N/A | 100.0 | 157.3
               +-------+-------+-------+-------+-------+----------------------
